[Event "Team 45 45 League T95"]
[Site "Internet Chess Club"]
[Date "2023.01.23"]
[Round "2"]
[White "Kingofknights"]
[Black "CMAlge"]
[Result "1-0"]
[WhiteElo "1486"]
[BlackElo "1351"]
[Opening "King's Indian: Sämisch, 5...O-O"]
[ECO "E81"]
[Time "17:00:34"]
[PlyCount "60"]
[TimeControl "2700+45"]

1. d4 Nf6 2. c4 g6 3. f3 Bg7 4. e4 d6 5. Nc3 O-O 6. Bg5 c5 7. d5 e6 8. Qd2 h6 9.
Be3 exd5 10. cxd5 a6 11. a4 Re8 12. a5 Nxe4 13. fxe4 Bxc3 14. bxc3 Qh4+ 15. Kd1
Qxe4 16. Bxh6 Bg4+ 17. Kc1 Bf5 18. Nf3 f6 19. Bf4 Nc6 20. dxc6 bxc6 21. Nh4 Qe1+
22. Qxe1 Rxe1+ 23. Kb2 Rb8+ 24. Ka2 Be6+ 25. c4 Re4 26. Bxd6 Bxc4+ 27. Bxc4+
Rxc4 28. Bxb8 Ra4+ 29. Kb3 Rb4+ 30. Kc3 Rxb8 {Black resigns} 1-0

[Event "Team 45 45 League T95"]
[Site "Internet Chess Club"]
[Date "2023.01.24"]
[Round "2"]
[White "ElValero"]
[Black "Portola"]
[Result "0-1"]
[WhiteElo "1668"]
[BlackElo "1747"]
[Opening "QGD: 4.Bg5 Be7, 5.e3 O-O"]
[ECO "D53"]
[Time "17:00:29"]
[PlyCount "80"]
[TimeControl "2700+45"]

1. d4 d5 2. c4 e6 3. Nc3 Nf6 4. Bg5 Be7 5. e3 O-O 6. Bd3 Nbd7 7. cxd5 exd5 8.
Nf3 c6 9. Qc2 h6 10. Bh4 Nh5 11. Bxe7 Qxe7 12. O-O Nhf6 13. a3 Qd6 14. b4 b6 15.
Rfc1 Bb7 16. Bf5 Rfe8 17. Bxd7 Nxd7 18. Na4 Rac8 19. Qb3 Ba6 20. Nc3 Bc4 21. Qc2
c5 22. b5 cxd4 23. Nxd4 Ne5 24. h3 g6 25. Rd1 Qf6 26. f4 Nd7 27. Qd2 Nc5 28. Nc6
Nb3 29. Nxd5 Bxd5 30. Qxd5 Nxa1 31. Ne5 Nc2 32. Nd7 Qe6 33. Qb7 Qxe3+ 34. Kh1
Qe6 35. Ne5 Ne3 36. Rd6 Rc1+ 37. Kh2 Qe7 38. Rd7 Nf1+ 39. Kg1 Qc5+ 40. Kh1 Qf2
{White resigns} 0-1

[Event "Team 45 45 League T95"]
[Site "Internet Chess Club"]
[Date "2023.01.19"]
[Round "2"]
[White "rubo"]
[Black "julesraider"]
[Result "0-1"]
[WhiteElo "1485"]
[BlackElo "1624"]
[Opening "Queen's pawn: London system"]
[ECO "A45"]
[Time "16:00:55"]
[PlyCount "82"]
[TimeControl "2700+45"]

1. d4 Nf6 2. Bf4 e6 3. e3 d5 4. Bd3 Nbd7 5. Nd2 c5 6. c3 Be7 7. Ngf3 b6 8. Ne5
Bb7 9. Qf3 O-O 10. h4 Ne4 11. Nxe4 dxe4 12. Bxe4 Bxe4 13. Qxe4 Nf6 14. Qf3 Qd5
15. Nc6 Bd8 16. Rh3 Qxf3 17. gxf3 Nd5 18. Bd6 Re8 19. dxc5 bxc5 20. Bxc5 Bf6 21.
Nd4 Rec8 22. Ba3 Nb6 23. O-O-O Nc4 24. Rd3 Nxa3 25. bxa3 Rc4 26. Kb2 Rac8 27.
Nb5 Rb8 28. Kb3 Rc5 29. a4 a6 30. Kb4 Be7 31. Ka5 axb5 32. Rd7 bxa4+ 33. Kxa4
Rc4+ 34. Ka5 Bd8+ 35. Rxd8+ Rxd8 36. Rh1 Rb8 37. Rd1 Rxc3 38. a4 Rcc8 39. Rd7
Kf8 40. Ra7 Rc4 41. Ka6 Rxa4# {White checkmated} 0-1

[Event "Team 45 45 League T95"]
[Site "Internet Chess Club"]
[Date "2023.01.21"]
[Round "2"]
[White "mongmong"]
[Black "nosir"]
[Result "0-1"]
[WhiteElo "1507"]
[BlackElo "1522"]
[Opening "Queen's Pawn"]
[ECO "A54"]
[Time "10:01:52"]
[PlyCount "52"]
[TimeControl "2700+45"]

1. d4 d6 2. Nf3 Nf6 3. c4 Nbd7 4. Nc3 e5 5. dxe5 dxe5 6. e4 c6 7. Qc2 Be7 8. Bg5
Qc7 9. Bh4 h6 10. h3 b6 11. Bg3 Bb7 12. Be2 Bd6 13. O-O-O O-O-O 14. Nd2 Nc5 15.
f3 Ne6 16. Nb3 Nd7 17. Rd2 Ndc5 18. Bf2 Nxb3+ 19. Qxb3 Bc5 20. Bxc5 Nxc5 21. Qc2
Ne6 22. Rxd8+ Rxd8 23. Rd1 Nd4 24. Qb1 Qe7 25. Bf1 Qg5+ 26. Rd2 Ne2+ {White
resigns} 0-1

[Event "Team 45 45 League T95"]
[Site "Internet Chess Club"]
[Date "2023.01.21"]
[Round "2"]
[White "g8wrb"]
[Black "Gilguli"]
[Result "0-1"]
[WhiteElo "1297"]
[BlackElo "1415"]
[Opening "KP: Lopez opening"]
[ECO "C20"]
[Time "15:02:34"]
[PlyCount "72"]
[TimeControl "2700+45"]

1. e4 e5 2. c3 Nc6 3. d4 exd4 4. cxd4 d5 5. e5 Bb4+ 6. Nc3 Qh4 7. Nf3 Qh5 8. Be2
Bg4 9. O-O O-O-O 10. Bf4 Nge7 11. h3 Bxh3 12. gxh3 Qxh3 13. a3 Bxc3 14. bxc3
Qg4+ 15. Bg3 Nf5 16. Nh2 Qg6 17. Bg4 h5 18. Bxf5+ Qxf5 19. Qf3 Qg5 20. Qf4 Qg6
21. Nf3 Ne7 22. Nh4 Qe4 23. Qxf7 g5 24. Qxe7 gxh4 25. Qxh4 Qd3 26. Rfc1 Rdg8 27.
e6 Rg4 28. Qh3 Rhg8 29. e7 Kb8 30. e8=Q+ Rxe8 31. Qxh5 Rxg3+ 32. fxg3 Qxg3+ 33.
Kf1 Qd3+ 34. Kf2 Qe3+ 35. Kg2 Rg8+ 36. Kf1 Rg1# {White checkmated} 0-1

[Event "Team 45 45 League T95"]
[Site "Internet Chess Club"]
[Date "2023.01.20"]
[Round "2"]
[White "tightfist"]
[Black "mongmong"]
[Result "0-1"]
[WhiteElo "1345"]
[BlackElo "1524"]
[Opening "Polish (Sokolsky) opening"]
[ECO "A00"]
[Time "17:05:07"]
[PlyCount "180"]
[TimeControl "2700+45"]

1. b4 e6 2. Bb2 Nf6 3. b5 d5 4. Nf3 c5 5. bxc6 Nxc6 6. e3 Bd6 7. Be2 O-O 8. O-O
a6 9. c4 dxc4 10. Bxc4 b5 11. Be2 Bb7 12. Nc3 Rc8 13. a3 Ne7 14. d4 Ned5 15.
Nxd5 Bxd5 16. Rc1 Rxc1 17. Qxc1 Qb8 18. h3 Rc8 19. Qb1 Be4 20. Qa1 Rc7 21. Rc1
Qc8 22. Rxc7 Qxc7 23. Qc1 Qxc1+ 24. Bxc1 Bc2 25. Ne1 Ba4 26. Bf3 Nd7 27. Bb7 a5
28. Nd3 Nb6 29. Nc5 Kf8 30. Nxa4 Nxa4 31. Bc6 Nc3 32. Kf1 b4 33. axb4 Bxb4 34.
e4 a4 35. Bb2 a3 36. Ba1 Nb1 37. Bb5 Bc3 38. Bxc3 Nxc3 39. Bc4 a2 40. Bxa2 Nxa2
41. Ke2 Ke7 42. Kd2 Nb4 43. f3 Kd6 44. g3 f5 45. Ke3 Nc6 46. g4 g6 47. g5 Ne7
48. Kf4 Nc6 49. Ke3 Nb4 50. Kd2 Nc6 51. Ke3 Nd8 52. Kf4 Nf7 53. h4 fxe4 54. Kxe4
Nd8 55. f4 Nc6 56. Ke3 Kd5 57. Kd3 Nxd4 58. Ke3 Nf5+ 59. Kf3 Nxh4+ 60. Kg4 Nf5
61. Kf3 Kd4 62. Kg4 Ke3 63. Kh3 Kxf4 64. Kg2 Kxg5 65. Kf3 h5 66. Kg2 e5 67. Kf3
h4 68. Kg2 e4 69. Kf2 Kf4 70. Kg2 g5 71. Kf2 g4 72. Kg2 e3 73. Kf1 h3 74. Kg1 e2
75. Kf2 h2 76. Kxe2 h1=Q 77. Kd3 Qf3+ 78. Kc4 Nh6 79. Kc5 g3 80. Kd6 Kg4 81. Ke6
g2 82. Ke5 Qf2 83. Kd5 g1=Q 84. Kc4 Qc1+ 85. Kd5 Qd1+ 86. Ke4 Qde1+ 87. Kd3
Qfd2+ 88. Kc4 Qec1+ 89. Kb3 Qdb2+ 90. Ka4 Qca1# {White checkmated} 0-1

[Event "Team 45 45 League T95"]
[Site "Internet Chess Club"]
[Date "2023.01.22"]
[Round "2"]
[White "olivermx"]
[Black "Kingofknights"]
[Result "1-0"]
[WhiteElo "1335"]
[BlackElo "1475"]
[Opening "Caro-Kann: advance variation"]
[ECO "B12"]
[Time "11:04:18"]
[PlyCount "47"]
[TimeControl "2700+45"]

1. e4 c6 2. d4 d5 3. e5 c5 4. c3 cxd4 5. cxd4 Nc6 6. Nf3 a6 7. a3 Bg4 8. Be2 e6
9. Be3 Nge7 10. Nbd2 Nf5 11. h3 Nxe3 12. fxe3 Bh5 13. O-O Be7 14. Rc1 O-O 15.
Re1 f5 16. exf6 Bxf6 17. Nh2 Bxe2 18. Qxe2 Qd6 19. Qg4 e5 20. Ndf3 e4 21. Nh4 b5
22. Nf5 Qd7 23. Nh6+ Kh8 24. Qxd7 {Black resigns} 1-0

[Event "Team 45 45 League T95"]
[Site "Internet Chess Club"]
[Date "2023.01.19"]
[Round "2"]
[White "Balderdash"]
[Black "pandaknight"]
[Result "0-1"]
[WhiteElo "1193"]
[BlackElo "1162"]
[Opening "Queen's pawn: Chigorin variation"]
[ECO "D00"]
[Time "22:00:33"]
[PlyCount "48"]
[TimeControl "2700+45"]

1. d4 d5 2. Nc3 Nf6 3. Nf3 Bf5 4. Bf4 e6 5. Nh4 Bg6 6. Nxg6 hxg6 7. e3 Bd6 8.
Bb5+ c6 9. Bxd6 Qxd6 10. Bd3 Nbd7 11. Qe2 O-O-O 12. e4 Nxe4 13. Nxe4 dxe4 14.
Qxe4 Nf6 15. Qe3 Rxh2 16. Rxh2 Qxh2 17. O-O-O Qxg2 18. d5 Qxd5 19. Qxa7 Ne4 20.
Qe3 Nc5 21. c4 Nxd3+ 22. Rxd3 Qxc4+ 23. Rc3 Qf1+ 24. Kc2 Qd1# {White checkmated}
0-1

[Event "Team 45 45 League T95"]
[Site "Internet Chess Club"]
[Date "2023.01.23"]
[Round "2"]
[White "ChessMaine"]
[Black "clarinetref"]
[Result "1-0"]
[WhiteElo "1410"]
[BlackElo "1454"]
[Opening "Queen's pawn game"]
[ECO "A45"]
[Time "20:31:31"]
[PlyCount "91"]
[TimeControl "2700+45"]

1. d4 Nf6 2. e3 d6 3. Bd3 Nbd7 4. Nf3 b6 5. O-O Bb7 6. Nbd2 c5 7. c3 e6 8. e4
cxd4 9. cxd4 e5 10. d5 Nc5 11. Bb5+ Nfd7 12. Qe2 Be7 13. b4 a6 14. Bc6 Qc7 15.
bxc5 bxc5 16. Bxb7 Qxb7 17. Rb1 Qc7 18. Nc4 O-O 19. Bd2 Rfb8 20. Na5 Rb5 21. Nc6
Nf6 22. a4 Rb7 23. Ba5 Qd7 24. Bb6 Qe8 25. Rb2 Nd7 26. Rfb1 Nb8 27. Na5 Rd7 28.
Rb3 Bd8 29. Bxd8 Qxd8 30. Nc6 Nxc6 31. dxc6 Rc7 32. Rb6 Qe8 33. Rxa6 Rxc6 34.
Rxa8 Qxa8 35. Qb5 Rc8 36. Nd2 g6 37. Nc4 Rd8 38. f3 Kg7 39. a5 f5 40. Qb7+ Qxb7
41. Rxb7+ Kh6 42. a6 Ra8 43. a7 fxe4 44. fxe4 Kg5 45. Nb6 Re8 46. Rb8 {Black
resigns} 1-0

[Event "Team 45 45 League T95"]
[Site "Internet Chess Club"]
[Date "2023.01.22"]
[Round "2"]
[White "herrahuu"]
[Black "Denis240964"]
[Result "1-0"]
[WhiteElo "1468"]
[BlackElo "1336"]
[Opening "Scotch game"]
[ECO "C45"]
[Time "09:00:20"]
[PlyCount "41"]
[TimeControl "2700+45"]

1. e4 e5 2. Nf3 Nc6 3. d4 exd4 4. Nxd4 Nxd4 5. Qxd4 d6 6. Nc3 Nf6 7. f3 Be7 8.
Be3 c6 9. O-O-O Qc7 10. g4 O-O 11. h4 a6 12. h5 c5 13. Qd2 h6 14. g5 hxg5 15.
Bxg5 Rd8 16. Bxf6 Be6 17. Bxe7 Qxe7 18. Nd5 Qf8 19. h6 g6 20. Qc3 Bxd5 21. h7#
{Black checkmated} 1-0

[Event "Team 45 45 League T95"]
[Site "Internet Chess Club"]
[Date "2023.01.20"]
[Round "2"]
[White "bardu"]
[Black "thundercat1"]
[Result "1-0"]
[WhiteElo "1182"]
[BlackElo "1036"]
[Opening "Queen's pawn"]
[ECO "A40"]
[Time "19:24:02"]
[PlyCount "81"]
[TimeControl "2700+45"]

1. d4 c6 2. c4 Nf6 3. Nc3 e6 4. e4 Bb4 5. Bd3 Qa5 6. Bd2 h5 7. e5 Ng4 8. h3 Nxf2
9. Kxf2 Qb6 10. c5 Qd8 11. Nf3 Qe7 12. Bg5 f6 13. exf6 gxf6 14. Bg6+ Kd8 15. Bh4
Rg8 16. Bxh5 Qg7 17. g4 Na6 18. Ne4 Nxc5 19. Bxf6+ Qxf6 20. Nxf6 Ne4+ 21. Nxe4
Rf8 22. Kg2 Be7 23. Rf1 b6 24. Ne5 Kc7 25. Rxf8 Bxf8 26. Qf1 Bb7 27. Qf7 Rd8 28.
Nf6 c5+ 29. Kg3 Bd6 30. Kh4 cxd4 31. Rc1+ Bc5 32. Nfxd7 d3 33. Nxc5+ Kd6 34.
Ncxd3 Be4 35. Qxa7 Bxd3 36. Nxd3 b5 37. Qc7+ Kd5 38. Qxd8+ Ke4 39. Bg6+ Kf3 40.
Qf8+ Ke3 41. Qf2# {Black checkmated} 1-0

[Event "Team 45 45 League T95"]
[Site "Internet Chess Club"]
[Date "2023.01.22"]
[Round "2"]
[White "oldbookseller"]
[Black "tamky70"]
[Result "0-1"]
[WhiteElo "948"]
[BlackElo "1253"]
[Opening "Dutch"]
[ECO "A80"]
[Time "09:30:52"]
[PlyCount "56"]
[TimeControl "2700+45"]

1. d4 f5 2. Nf3 Nf6 3. b3 g6 4. e3 Bg7 5. Bb2 d6 6. Bd3 O-O 7. O-O e6 8. Nbd2
Bd7 9. Bc4 Re8 10. Ng5 h6 11. d5 hxg5 12. Nf3 e5 13. Nxg5 b5 14. Be2 Na6 15. Nf3
Nc5 16. e4 Ncxe4 17. Nh4 Kf7 18. Nf3 Nh7 19. Bc1 Rh8 20. Ng5+ Nexg5 21. Bxg5
Nxg5 22. h3 Nxh3+ 23. gxh3 Rxh3 24. f4 Qh4 25. Bf3 Rg3+ 26. Kf2 Qxf4 27. Ke2 b4
28. Qd2 Bb5+ {White resigns} 0-1